 Dungeon Crawl Stone Soup version 0.23.0-3-gf3c87f2 (webtiles) character file.

Game seed: 1961472482634312891

316 sighowe the Charmwright (level 6, -9/48 HPs)
             Began as a Barachi Skald on Feb 21, 2019.
             Killed by divine providence
             ... invoked by an orc priest
              (14 damage)
             ... on level 3 of the Dungeon.
             The game lasted 00:07:50 (2988 turns).

sighowe the Charmwright (Barachi Skald)             Turns: 2988, Time: 00:07:50

Health: -9/48      AC:  3    Str: 11    XL:     6   Next: 44%
Magic:  10/10      EV: 12    Int: 14    God:
Gold:   91         SH:  0    Dex: 12    Spells: 6/11 levels left

rFire    . . .     SeeInvis +   g - +1 dagger (venom)
rCold    . . .     Gourm    .   (no shield)
rNeg     . . .     Faith    .   b - +0 leather armour
rPois    .         Spirit   .   (no helmet)
rElec    .         Reflect  .   (no cloak)
rCorr    .         Harm     .   (no gloves)
MR       .....                  (no boots)
Stlth    +.........             (no amulet)
HPRegen  0.16/turn              (no ring)
MPRegen  0.12/turn              (no ring)

@: shrouded (expiring), infused (expiring), slow
A: +LOS, swims, claws 1, see invisible, slowness 1, weak 1, strong legs 1
a: Hop


You were on level 3 of the Dungeon.
You were hungry.

You visited 1 branch of the dungeon, and saw 3 of its levels.

You collected 91 gold pieces.

Inventory:

Hand Weapons
 a - a +0 hand axe
 g - a +1 dagger of venom (weapon)
Armour
 b - a +0 leather armour (worn)
Jewellery
 j - an uncursed ring of positive energy
Scrolls
 c - a scroll of remove curse
 h - 5 scrolls of identify
Potions
 i - a potion of mutation
Comestibles
 d - 3 rations


   Skills:
 * Level 3.9 Fighting
 * Level 2.2 Short Blades
 + Level 3.0 Axes
 + Level 0.9 Throwing
 - Level 1.3 Armour
 * Level 3.3 Dodging
 + Level 1.1 Stealth
 * Level 3.2 Spellcasting
 + Level 3.9 Charms
 + Level 1.6 Translocations


You had 6 spell levels left.
You knew the following spells:

 Your Spells              Type           Power        Failure   Level  Hunger
a - Infusion              Chrm           ##..         5%          1    #......
b - Shroud of Golubria    Chrm/Tloc      ##........   13%         2    ##.....
c - Song of Slaying       Chrm           ##......     9%          2    ##.....

Your spell library contained the following spells:

 Spells                   Type           Power        Failure   Level  Hunger
 Regeneration             Chrm/Necr      #.........   36%         3    ###....
 Spectral Weapon          Hex/Chrm       #.......     36%         3    ###....


Dungeon Overview and Level Annotations

Branches:
Dungeon (3/15)

Altars:


Innate Abilities, Weirdness & Mutations

Shadows flee at your approach. (+LOS)
You can swim through water.
You cover ground slowly.
You can hop short distances.
You have sharp fingernails.
You have supernaturally acute eyesight. (SInv)
You are weak. (Str -2)


Message History

Beogh smites you!
* * * LOW HITPOINT WARNING * * *
Unknown command.
Okay, then.
Okay, then.
Okay, then.
Okay, then.
It was a potion of magic.
Magic courses through your body.
The orc priest invokes the aid of Beogh against you.
You barely resist.
Unknown command.
It was a potion of mutation.
You feel extremely strange.
You feel weaker.
Your fingernails lengthen.
Your vision sharpens.
Your shroud bends the orc priest's attack away.
The orc closely misses you.
Your magical infusion is running out.
Your shroud begins to fray at the edges.
The orc priest mumbles some strange prayers to Beogh against you.
Beogh smites you!
You die...

. #..≈≈≈._.≈ .##
##≈≈≈≈≈♣..≈ ..#
#.≈≈≈≈≈≈≈≈≈ #.#
#.≈.≈≈≈≈≈≈≈ #.#
#.≈≈≈≈≈≈≈≈≈ #.#
#...≈≈....≈ #.#
###......≈..≈ #.#
#.....##.#.##
#@####.###.##...##
#..ooo.# #........
#..###.###..###.##
####...o#......###)##
....%..).......#.))##
#####...########[#.##
#.<## #...... #..#
######.#.#.# #...
..........).


You could see an orc priest and 2 orcs.

Vanquished Creatures
  Sigmund (D:2)
  An orc wizard (D:3)
  5 adders (D:2)
  An ooze (D:2)
  3 worms (D:2)
  4 dart slugs
  A leopard gecko (D:1)
  4 orcs (D:3)
  13 goblins
  8 hobgoblins
  2 jackals (D:2)
  6 kobolds
  7 bats
  3 frilled lizards
  4 rats
63 creatures vanquished.

Notes
Turn   | Place    | Note
-------+----------+-------------------------------------------
     0 | D:1      | sighowe the Barachi Skald began the quest for the Orb.
     0 | D:1      | Reached XP level 1. HP: 17/17 MP: 3/3
   168 | D:1      | Reached XP level 2. HP: 23/23 MP: 1/5
   282 | D:1      | Learned a level 2 spell: Shroud of Golubria
   795 | D:1      | Learned a level 2 spell: Song of Slaying
  1048 | D:2      | Noticed Sigmund
  1059 | D:2      | Killed Sigmund
  1059 | D:2      | Reached skill level 1 in Short Blades
  1059 | D:2      | Reached skill level 1 in Translocations
  1059 | D:2      | Reached XP level 3. HP: 17/29 MP: 0/7
  1059 | D:2      | Reached XP level 4. HP: 21/35 MP: 0/8
  1059 | D:2      | Reached XP level 5. HP: 25/41 MP: 0/9
  1279 | D:2      | Reached skill level 1 in Stealth
  1524 | D:2      | Reached XP level 6. HP: 48/48 MP: 10/10
  2939 | D:3      | Found a faded altar of an unknown god.
  2981 | D:3      | Gained mutation: You are weak. (Str -2) [potion of
                  | mutation]
  2981 | D:3      | Gained mutation: You have sharp fingernails. [potion of
                  | mutation]
  2981 | D:3      | Gained mutation: You have supernaturally acute eyesight.
                  | (SInv) [potion of mutation]
  2988 | D:3      | Killed from afar by an orc priest

Skill      XL: |  1  2  3  4  5  6 |
---------------+-------------------+-----
Fighting       | 3 |  3.9
Short Blades   | 1 2 |  2.2
Dodging        | 3 |  3.3
Spellcasting   | 3 |  3.2
Translocations | 1 |  1.6
Stealth        | 1 |  1.1
Axes           | 3 |  3.0
Throwing       | |  0.9
Armour         | |  1.3
Charms         | |  3.9

Action                   |  1- 3 |  4- 6 || total
-------------------------+-------+-------++-------
Melee: Hand axe          |    14 |       ||    14
       Dagger            |    35 |   136 ||   171
 Cast: Infusion          |     9 |     9 ||    18
       Shroud of Golubri |     3 |     3 ||     6
       Song of Slaying   |       |     2 ||     2
  Use: Scroll            |       |     6 ||     6
       Potion            |       |     5 ||     5
 Stab: Sleeping          |       |     3 ||     3
  Eat: Ration            |       |     2 ||     2
       Chunk             |       |     1 ||     1
Armor: Leather armour    |    13 |    38 ||    51
Dodge: Dodged            |    27 |   100 ||   127
